 Dungeon Crawl Stone Soup version 0.22-a0-558-gc224181 (webtiles) character file.

126 kae the Insei (level 4, 0/33 HPs)
             Began as a Demonspawn Transmuter on June 26, 2018.
             Slain by an iguana (4 damage)
             ... on level 3 of the Dungeon.
             The game lasted 00:02:40 (3738 turns).

kae the Insei (Demonspawn Transmuter)               Turns: 3738, Time: 00:02:41

Health: 0/33       AC:  2    Str: 11    XL:     4   Next: 84%
Magic:  0/7        EV: 19    Int: 14    God:
Gold:   161        SH:  0    Dex: 19    Spells: 2/8 levels left

rFire    . . .     SeeInvis .     - Unarmed
rCold    . . .     Gourm    .   (shield currently unavailable)
rNeg     . . .     Faith    .   (armour currently unavailable)
rPois    x         Spirit   +   (helmet currently unavailable)
rElec    .         Reflect  .   (cloak currently unavailable)
rCorr    .         Harm     .   (gloves currently unavailable)
MR       .....                  (boots currently unavailable)
Stlth    ++........             (no amulet)
HPRegen  0.11/turn              (no ring)
MPRegen  0.10/turn              (no ring)

@: spider-form
A: tiny, magic shield
a: End Transformation


You were on level 3 of the Dungeon.
You were hungry.
You were a venomous arachnid creature.
You visited 1 branch of the dungeon, and saw 3 of its levels.

You collected 161 gold pieces.

Inventory:

Missiles
 a - 80 arrows
Armour
 b - a +0 robe (melded)
 e - a scarf of resistance (melded)
 l - a +1 helmet (melded)
 m - a +0 scale mail
Scrolls
 k - a scroll of teleportation
 p - a scroll of enchant weapon {unknown}
Potions
 c - a potion of brilliance {unknown}
 f - 2 potions of flight {unknown}
 g - a potion of heal wounds {unknown}
 h - 2 potions of cancellation {unknown}
 i - a potion of resistance {unknown}
 j - a potion of mutation {unknown}
 n - a potion of might {unknown}
Comestibles
 d - 6 rations
 o - 2 chunks of flesh


   Skills:
 + Level 2.0 Fighting
 - Level 1.7 Dodging
 * Level 3.6 Unarmed Combat
 + Level 2.6 Spellcasting
 * Level 3.0 Transmutations


You had 2 spell levels left.
You knew the following spells:

 Your Spells              Type           Power        Failure   Level  Hunger
a - Beastly Appendage     Tmut           ##....       17%         1    #......
b - Sticks to Snakes      Tmut           ##......     24%         2    ###....
c - Spider Form           Tmut/Pois      #.........   56%         3    ###....

Your spell library contained the following spells:

 Spells                   Type           Power        Failure   Level  Hunger
 Blade Hands              Tmut           ##........   96%         5    ######.
 Ice Form                 Ice/Tmut       #.......     89%         4    #####..


Dungeon Overview and Level Annotations

Branches:
Dungeon (3/15)

Altars:
Qazlal


Innate Abilities, Weirdness & Mutations

When hurt, damage is shared between your health and your magic reserves.


Message History

The iguana is lightly wounded.
The iguana bites you!
You hit the iguana but do no damage.
The iguana is lightly wounded.
The iguana bites you!
* * * LOW HITPOINT WARNING * * *
You are too injured to fight recklessly!
You are too injured to fight recklessly!
You barely miss the iguana.
The iguana is lightly wounded.
The iguana misses you.
You are too injured to fight recklessly!
You are too injured to fight recklessly!
You hit the iguana.
The iguana is moderately wounded.
The iguana closely misses you.
You bite the iguana!
The iguana is poisoned.
The iguana is severely wounded.
The iguana bites you.
You die...

.#######............# '#
#................# ..
#.........)......#
..##................#
..##................#
................>...#
...#####........K...#
....# ###+#####l# ..#.#
#.# #s####### ..#.## #.#
#(......# ..#..#
#.###########.# ..##.##
#.##..........# .. #..#
#.##.#######..# ## ##.##
#.##.#....<#..# #..#
#.##.##.##.#..# ##.#
#.##'#.....#..#
#.###......###.#..######


You could see an iguana and a kobold.

Vanquished Creatures
  4 adders
  2 worms
  2 dart slugs (D:1)
  A leopard gecko (D:3)
  5 orcs (D:3)
  A ball python (D:1)
  4 giant cockroaches
  8 goblins
  9 hobgoblins
  A jackal (D:2)
  7 kobolds
  5 bats
  2 frilled lizards
  12 rats
63 creatures vanquished.

Vanquished Creatures (collateral kills)
  An adder (D:3)
  2 worms (D:2)
  An orc (D:3)
  A jackal (D:2)
  A rat (D:2)
6 creatures vanquished.

Grand Total: 69 creatures vanquished

Notes
Turn   | Place    | Note
-------+----------+-------------------------------------------
     0 | D:1      | kae the Demonspawn Transmuter began the quest for the Orb.
     0 | D:1      | Reached XP level 1. HP: 15/15 MP: 3/3
   343 | D:1      | Gained mutation: When hurt, damage is shared between your health and your magic reserves. [demonic ancestry]
   343 | D:1      | Reached XP level 2. HP: 14/21 MP: 3/5
   570 | D:1      | Learned a level 2 spell: Sticks to Snakes
  1003 | D:1      | Reached XP level 3. HP: 26/26 MP: 4/6
  1008 | D:1      | Learned a level 3 spell: Spider Form
  2291 | D:2      | Found a stormy altar of Qazlal.
  2322 | D:2      | Reached XP level 4. HP: 25/33 MP: 3/7
  3738 | D:3      | Slain by an iguana

Vault maps used:
D:1:      dpeg_arrival_ratfight
D:2:      old_standard_altar, first_ration

Skill      XL: |  1  2  3  4 |
---------------+-------------+-----
Transmutations | 2 3 |  3.0
Unarmed Combat | 3 |  3.6
Fighting       | 2 |  2.0
Dodging        | |  1.7
Spellcasting   | |  2.6

Action                   |  1- 3 |  4- 6 || total
-------------------------+-------+-------++-------
Melee: Unarmed           |   139 |    77 ||   216
       Kick              |    10 |     1 ||    11
       Headbutt          |     4 |       ||     4
       Punch             |     1 |     1 ||     2
 Cast: Beastly Appendage |    21 |     2 ||    23
       Sticks to Snakes  |     7 |     2 ||     9
       Spider Form       |       |     7 ||     7
  Use: Scroll            |     2 |     2 ||     4
 Stab: Sleeping          |     2 |       ||     2
  Eat: Chunk             |     2 |     5 ||     7
       Ration            |     1 |       ||     1
Armor: Robe              |    25 |     7 ||    32
       Skin              |       |     5 ||     5
Dodge: Dodged            |    84 |    47 ||   131

Table legend:
 A = Spawn XP
 B = Non-spawn XP
 C = Spawn XP percentage of total XP
 D = Spawn monster count
 E = Non-spawn monster count
 F = Spawn count percentage of total count
 G = Total turns spent on level
                    A         B        C        D         E        F      G
               +---------+---------+-------+---------+---------+-------+---------
         Total |       0 |     181 |   0.0 |       0 |      69 |   0.0 |  3738
               +---------+---------+-------+---------+---------+-------+---------
           D:1 |       0 |      52 |   0.0 |       0 |      31 |   0.0 |  1552
           D:2 |       0 |      54 |   0.0 |       0 |      18 |   0.0 |  1205
           D:3 |       0 |      75 |   0.0 |       0 |      20 |   0.0 |   981
               +---------+---------+-------+---------+---------+-------+---------
